 Dungeon Crawl Stone Soup version 0.24-a0-537-g2d01d4ab0a (webtiles) character file.

Game seed: 13120144919755198537

30163 Mithandil the Blocker (level 13, -14/115 HPs)
             Began as a Minotaur Fighter on Aug 15, 2019.
             Was a High Priest of the Shining One.
             Demolished by Asterion
             ... wielding a +1 demon blade of flaming
              (16 damage)
             ... on level 1 of the Elven Halls on Aug 16, 2019.
             The game lasted 01:27:23 (13734 turns).

Mithandil the Blocker (Minotaur Fighter)           Turns: 13734, Time: 01:27:23

Health: -14/115    AC: 24    Str: 29    XL:     13   Next: 19%
Magic:  0/13       EV: 12    Int:  3    God:    the Shining One [*****.]
Gold:   116        SH: 14    Dex: 10    Spells: 14/14 levels left

rFire    + . .     SeeInvis .   a - +2 hand axe (chop)
rCold    . . .     Gourm    .   c - +0 shield
rNeg     + + .     Faith    .   J - +2 plate armour {rF+}
rPois    .         Spirit   +   (helmet restricted)
rElec    .         Reflect  .   Y - +0 cloak
rCorr    .         Harm     .   e - +2 pair of gloves {Str+3}
MR       +....                  o - +1 pair of boots {run}
Stlth    ..........             R - amulet of guardian spirit
HPRegen  0.29/turn              k - +1 ring of evasion
MPRegen  0.13/turn              M - ring of protection from magic

@: glowing, quick
A: retaliatory headbutt, horns 2, dopey 1
a: Divine Shield, Cleansing Flame, Summon Divine Warrior, Renounce Religion


You were on level 1 of the Elven Halls.
You worshipped the Shining One.
The Shining One was extremely pleased with you.
You were near starving.

You visited 4 branches of the dungeon, and saw 14 of its levels.
You also visited: Sewer.

You collected 1498 gold pieces.
You spent 1382 gold pieces at shops.

Inventory:

Hand Weapons
 a - a +2 hand axe of chopping (weapon)
 b - a +0 hunting sling
 j - a +2 short sword of holy wrath
 n - a +2 long sword of protection
 t - a +4 trident of holy wrath
 u - a +0 scimitar of holy wrath
 H - the +6 dagger of Glory {elec, Str+2 Int+5}
   (You found it on level 7 of the Dungeon)

   Occasionally, upon striking a foe, it will discharge some electrical energy
   and cause terrible harm.
   It affects your strength (+2).
   It affects your intelligence (+5).
 I - a +2 whip of venom
 O - a +1 dagger of venom
 P - a +3 long sword of holy wrath
 Q - a +3 morningstar
 S - a +2 falchion of freezing
 T - a +2 whip of electrocution
 U - a +1 flail of protection
 V - a +0 dagger of speed
 W - a +2 falchion of slicing
 Z - a +2 dagger of electrocution
Missiles
 i - 112 sling bullets
 m - 87 bolts
 D - 31 boomerangs
 E - 22 poisoned darts
 L - 8 silver boomerangs (quivered)
Armour
 c - a +0 shield (worn)
 e - a +2 pair of gloves of strength (worn)
 o - a +1 pair of boots of running (worn)
 C - a +0 ring mail of poison resistance
 J - a +2 plate armour of fire resistance (worn)
 Y - a +0 cloak (worn)
Jewellery
 k - a +1 ring of evasion (left hand)
 l - an uncursed ring of flight
 B - an uncursed amulet of rage
 M - a ring of protection from magic (right hand)
 R - an amulet of guardian spirit (around neck)
Wands
 w - a wand of flame (15)
 A - a wand of scattershot (14)
 N - a wand of iceblast (6)
Scrolls
 g - a scroll of magic mapping
 h - 5 scrolls of identify
 r - a scroll of amnesia
 v - a scroll of fog
 y - 5 scrolls of teleportation
 z - a scroll of fear
 K - 3 scrolls of remove curse
Potions
 d - 3 potions of might
 p - a potion of magic
 q - 2 potions of heal wounds
 s - 4 potions of curing
 x - 2 potions of brilliance
 G - 2 potions of cancellation
Comestibles
 f - 23 rations


   Skills:
 + Level 10.9 Fighting
 * Level 14.0 Axes
 + Level 10.8 Armour
 + Level 9.4 Dodging
 * Level 14.3 Shields
 - Level 1.0 Spellcasting


You had 14 spell levels left.
You didn't know any spells.
Your spell library contained the following spells:

 Spells                   Type           Power        Failure   Level  Hunger
 Magic Dart               Conj           #...         99%         1    ##.....
 Blink                    Tloc           N/A          100%        2    ###....
 Call Imp                 Summ           #.......     100%        2    ###....
 Slow                     Hex            #.......     100%        2    ###....
 Conjure Flame            Conj/Fire      #.......     100%        3    ####...
 Mephitic Cloud           Conj/Pois/Air  #.......     100%        3    ####...


Dungeon Overview and Level Annotations

Branches:
Dungeon (10/15)            Temple (1/1) D:5             Orc (2/2) D:9
    Elf (1/3) Orc:2
   Lair: D:8-11

Altars:
Ashenzari
Cheibriados
Dithmenos
Fedhas
Gozag
Hepliaklqana
Kikubaaqudgha
Makhleb
Nemelex Xobeh
Okawaru
Qazlal
Ru
Sif Muna
Trog
Uskayaw
Vehumet
Wu Jian
Xom
Yredelemnul
Zin
The Shining One

Shops:
D:5 %   D:7 [   Orc:2 ![[*   Elf:1 (

Annotations:
D:9 2 transporters
Elf:1 Asterion


Innate Abilities, Weirdness & Mutations

You reflexively headbutt those who attack you in melee.
You have a pair of horns on your head.
You are dopey. (Int -2)


Message History

You hear a shout!
You block the fire elemental's attack.
You hit Asterion but do no damage. You headbutt Asterion.
Asterion is moderately wounded.
You hit the fire elemental.
Asterion hits you with a +1 demon blade of flaming!
* * * LOW HITPOINT WARNING * * *
Asterion burns you. Asterion gores you but does no damage.
The deep elf mage mumbles some strange words.
The deep elf mage blinks!
The deep elf mage mumbles some strange words.
The deep elf mage blinks!
The deep elf mage points at you and mumbles some strange words.
The shard of ice hits you!! The Shining One protects you from harm!
You hit Asterion but do no damage.
Asterion is moderately wounded.
You slash the fire elemental! You block the fire elemental's attack.
Asterion hits you with a +1 demon blade of flaming!
You die...

#.# #.# #.#.#
#.# #.. #+#
#.# .§# #.##
#e.# #..#
##°####@.#
....2eHE.##
#..##e#....##
#+# #.# #
#####.## #.#
#.# #.# ##.##
#.# #.# #.#
##.#########
#.# #.# #.#
##.##....)##
#'##.# #.#
##'...(...##
...'# #.#
#...(.....#


You could see Asterion, a green death, a deep elf archer, 2 deep elf magi and a
fire elemental.

Vanquished Creatures
  2 orc warlords (Orc:1)
  4 two-headed ogres
  2 dancing weapons (Elf:1)
  3 orc high priests (Orc:2)
  2 deep elf knights (Elf:1)
  6 orc knights
  2 deep elf archers (Elf:1)
  8 deep elf magi (Elf:1)
  5 orc sorcerers
  2 cyclopes
  2 trolls (Orc:2)
  2 hippogriffs
  An air elemental (Elf:1)
  2 wyverns (D:8)
  Sigmund (D:3)
  4 hogs (D:8)
  A human (D:8)
  8 wargs
  2 sky beasts
  30 orc warriors
  A black bear (D:7)
  2 ice beasts (D:5)
  A necrophage (D:8)
  8 ogres
  13 centaurs
  The ghost of Delarado the Changer, an amateur OpTm (D:3)
  Blork the orc (D:6)
  An earth elemental (Elf:1)
  5 bullfrogs
  3 scorpions
  4 wights (D:9)
  6 crimson imps
  A jelly (D:5)
  A centaur zombie (D:3)
  11 orc priests
  6 hounds
  3 gnoll shamans (D:5)
  3 iguanas
  26 orc wizards
  Natasha (D:3)
  8 worker ants
  A killer bee zombie (D:6)
  A hound zombie (D:9)
  2 hound skeletons
  A mummy (D:6)
  2 worker ant zombies
  2 howler monkey skeletons
  16 adders
  38 gnolls
  4 river rats (Sewer)
  A shadow imp (D:7)
  2 oozes
  An adder skeleton (D:5)
  2 worms
  8 leopard geckos
  56 orcs
  12 giant cockroaches
  5 goblins
  6 hobgoblins
  23 jackals
  4 quokkas
  16 ball pythons
  13 bats
  9 frilled lizards
  A hobgoblin zombie (D:6)
  6 kobolds
  A kobold zombie (D:6)
  2 orc zombies (D:6)
  2 quokka skeletons
  31 rats
463 creatures vanquished.

Vanquished Creatures (others)
  A deep elf mage (Elf:1)
  A quokka (D:9)
2 creatures vanquished.

Grand Total: 465 creatures vanquished

Notes
Turn   | Place    | Note
-------+----------+-------------------------------------------
     0 | D:1      | Mithandil the Minotaur Fighter began the quest for the Orb.
     0 | D:1      | Reached XP level 1. HP: 19/19 MP: 0/0
     7 | D:1      | Noticed a salamander
   268 | D:1      | Reached XP level 2. HP: 27/27 MP: 1/1
   444 | D:2      | Found a stormy altar of Qazlal.
   490 | D:2      | Reached XP level 3. HP: 29/33 MP: 2/2
   491 | D:2      | Reached skill level 1 in Dodging
   533 | D:2      | Reached XP level 4. HP: 17/40 MP: 3/3
   911 | D:3      | Found a runed translucent gate.
   911 | D:3      | Found a runed translucent gate.
   911 | D:3      | Found a runed translucent gate.
   926 | D:3      | Noticed Delarado's ghost (amateur OpTm)
   944 | D:3      | Noticed Sigmund
   951 | D:3      | Noticed Natasha
  1682 | D:4      | Noticed an ogre
  1688 | D:4      | Reached XP level 5. HP: 43/46 MP: 4/4
  1692 | D:4      | Killed an ogre
  1692 | D:4      | Reached skill level 5 in Shields
  1719 | D:4      | Reached XP level 6. HP: 30/53 MP: 5/5
  1730 | D:4      | Found a bloodstained altar of Trog.
  2123 | D:4      | Found a glowing drain.
  2147 | Sewer    | Entered a sewer
  2275 | Sewer    | Reached skill level 5 in Axes
  2429 | Sewer    | Reached XP level 7. HP: 51/60 MP: 6/6
  2429 | Sewer    | Reached skill level 5 in Fighting
  2607 | D:3      | Reached skill level 5 in Armour
  2907 | D:3      | Killed Natasha
  2916 | D:3      | Killed Sigmund
  3073 | D:3      | Killed Delarado's ghost
  3073 | D:3      | Reached XP level 8. HP: 69/69 MP: 7/7
  3169 | D:5      | Entered Level 5 of the Dungeon
  3843 | D:5      | Noticed a two-headed ogre
  4147 | D:5      | Killed a two-headed ogre
  4147 | D:5      | Reached XP level 9. HP: 78/78 MP: 8/8
  4166 | D:5      | Found a staircase to the Ecumenical Temple.
  4181 | Temple   | Entered the Ecumenical Temple
  4191 | Temple   | Became a worshipper of the Shining One
  4953 | D:5      | Reached skill level 5 in Dodging
  4996 | D:5      | Reached * piety under the Shining One
  5366 | D:5      | Found a burning altar of Makhleb.
  5367 | D:5      | Found a radiant altar of Vehumet.
  5526 | D:5      | Found Unofy's Food Boutique.
  5533 | D:5      | Bought a ration for 55 gold pieces
  5533 | D:5      | Bought a ration for 55 gold pieces
  5533 | D:5      | Bought a ration for 55 gold pieces
  5533 | D:5      | Bought a ration for 55 gold pieces
  5685 | D:6      | Noticed Blork the orc
  5691 | D:6      | Killed Blork the orc
  5947 | D:6      | Reached ** piety under the Shining One
  6474 | D:7      | Found an iron altar of Okawaru.
  6502 | D:7      | Found Jot Ceti's Antique Armour Shoppe.
  6520 | D:8      | Reached XP level 10. HP: 83/86 MP: 9/9
  6571 | D:7      | Reached skill level 10 in Shields
  6591 | D:7      | Found a basalt altar of Yredelemnul.
  6603 | D:7      | Got an ancient dagger
  6604 | D:7      | Identified the +6 dagger of Glory {elec, Str+2 Int+5} (You
                  | found it on level 7 of the Dungeon)
  6665 | D:7      | Found an ancient bone altar of Kikubaaqudgha.
  6667 | D:7      | Found a blossoming altar of Fedhas.
  6764 | D:7      | Found an ornate altar of the Wu Jian Council.
  7078 | D:7      | Reached skill level 1 in Spellcasting
  7207 | D:7      | Found an ornate altar of the Wu Jian Council.
  7500 | D:8      | Found a sacrificial altar of Ru.
  7510 | D:8      | Reached skill level 10 in Axes
  7522 | D:8      | Noticed a two-headed ogre
  7526 | D:8      | Killed a two-headed ogre
  7647 | D:8      | Found a glowing silver altar of Zin.
  8190 | D:8      | Found a shimmering blue altar of Sif Muna.
  8241 | D:9      | Reached *** piety under the Shining One
  8542 | D:9      | Found a transporter.
  8551 | D:9      | Found a hazy altar of Hepliaklqana.
  8579 | D:9      | Noticed a spectral centaur warrior
  8582 | D:9      | Found a transporter.
  8596 | D:10     | Entered Level 10 of the Dungeon
  8624 | D:9      | Reached XP level 11. HP: 95/95 MP: 11/11
  8701 | D:9      | Found a staircase to the Orcish Mines.
  8732 | Orc:1    | Entered Level 1 of the Orcish Mines
  8759 | Orc:1    | Noticed an orc warlord
  8799 | Orc:1    | Killed an orc warlord
  9186 | Orc:1    | You fall into a shaft and drop 1 floor!
  9186 | Orc:2    | Entered Level 2 of the Orcish Mines
  9412 | Orc:2    | Found a staircase to the Elven Halls.
  9413 | Orc:2    | Noticed a two-headed ogre
  9414 | Orc:2    | Noticed a two-headed ogre
  9430 | Orc:2    | Killed a two-headed ogre
  9448 | Orc:2    | Reached **** piety under the Shining One
  9467 | Orc:2    | Killed a two-headed ogre
  9704 | Orc:2    | Noticed an orc warlord
  9777 | Orc:1    | Killed an orc warlord
 10145 | Orc:1    | Noticed an orc sorcerer
 10153 | Orc:1    | Noticed a sixfirhy
 10162 | Orc:1    | Killed an orc sorcerer
 10164 | Orc:1    | Noticed an orc knight
 10165 | Orc:1    | Reached XP level 12. HP: 83/106 MP: 9/12
 11274 | Orc:2    | Reached skill level 10 in Fighting
 11398 | Orc:2    | Noticed an orc high priest
 11403 | Orc:2    | Reached skill level 10 in Armour
 11408 | Orc:2    | Killed an orc high priest
 11417 | Orc:2    | Noticed an orc high priest
 11417 | Orc:2    | Noticed an orc high priest
 12237 | Orc:2    | Gained mutation: You are dopey. (Int -2) [a neqoxec]
 12238 | Orc:2    | Killed an orc high priest
 12238 | Orc:2    | Reached ***** piety under the Shining One
 12249 | Orc:2    | Killed an orc high priest
 12537 | Orc:2    | Found Usec's Armour Boutique.
 12537 | Orc:2    | Found Denote's General Store.
 12572 | Orc:2    | Found Tetath's Distillery.
 12572 | Orc:2    | Found Dazxoum's Armour Emporium.
 12586 | Orc:2    | Bought a +2 plate armour of fire resistance for 520 gold
                  | pieces
 12611 | Orc:2    | Bought a +0 cloak for 58 gold pieces
 12622 | Orc:2    | Bought a +1 pair of boots of running for 584 gold pieces
 12756 | Elf:1    | Entered Level 1 of the Elven Halls
 12949 | Elf:1    | Reached XP level 13. HP: 12/114 MP: 1/13
 12952 | Elf:1    | HP: 3/114 [deep elf archer/arrow (10)]
 12966 | Elf:1    | The Shining One protects you from harm!
 12969 | Elf:1    | HP: 2/114 [deep elf archer/+0 short sword (4)]
 13633 | Elf:1    | Found Coiduaw's Weapon Boutique.
 13719 | Elf:1    | Noticed Asterion
 13721 | Elf:1    | Noticed a green death
 13733 | Elf:1    | HP: 2/115 [Asterion/+1 demon blade of flaming (13)]
 13733 | Elf:1    | The Shining One protects you from harm!
 13734 | Elf:1    | Demolished by Asterion

Levels and vault maps discovered:
D:1:      onia_arrival_zoo_common, layout_basic, serial_glass, glass_columns_c,
          glass_columns_b, feat_on_display
D:2:      layout_rooms, nicolae_overflow_hidden_temple, wad_orctagon
D:3:      layout_basic, gammafunk_ghost_necromancy, uniq_natasha, uniq_sigmund
D:4:      layout_basic, lemuel_crystal_altar, portal_sewer_entry_f
D:5:      lemuel_castle_with_subvaults [lemuel_castle_interior_carwin_1],
          layout_basic, grunt_temple_overflow_lords_of_destruction,
          minmay_temple_entry_ruins, first_ration, serial_shops,
          nicolae_shop_statue_plus
D:6:      layout_gridville, minmay_mini_ossuary, uniq_blork_the_orc
D:7:      layout_basic, grunt_temple_overflow_growth_and_decay,
          lemuel_coloured_pillars_altar, okawaru_trees_2, serial_shops, shop,
          basic_altar, lemuel_centaur_altar
D:8:      layout_loops_corners, nicolae_ru_great_annihilating_truth,
          led_sif_pool, zin_statuary, grunt_livestock
D:9:      layout_basic, elyvilon_altar_4, lemuel_doored_altar,
          gammafunk_ghost_mausoleum
D:10:     layout_loops_ring, ebering_ghost_inner_flame, serial_shops,
          nicolae_shop_window_shopping
Temple:   compressed_dpeg_triangle_lava_temple
Orc:1:    layout_diamond_mine
Orc:2:    grunt_orc_tribal_feast, layout_diamond_mine, mines2_lemuel
Elf:1:    eino_elf_arrival_sip, layout_geoelf_grid,
          portal_desolation_entry_twin_temple, serial_shops, shop, minivault_28,
          uniq_asterion

Skill      XL: |  1  2  3  4  5  6  7  8  9 10 11 12 13 |
---------------+----------------------------------------+-----
Shields        | 4 5 6 8 9 11 12 14 | 14.3
Axes           | 3 4 5 6 7 9 10 12 13 14 | 14.0
Dodging        | 1 2 3 4 5 6 8 9 |  9.4
Fighting       | 4 5 6 7 8 9 10 | 10.9
Armour         | 4 5 6 7 8 9 10 | 10.8
Spellcasting   | 1 |  1.0

Action                   |  1- 3 |  4- 6 |  7- 9 | 10-12 | 13-15 || total
-------------------------+-------+-------+-------+-------+-------++-------
Melee: War axe           |    64 |     7 |       |       |       ||    71
       Headbutt          |     8 |    26 |    62 |   139 |    14 ||   249
       Hand axe          |       |   163 |   337 |   599 |    73 ||  1172
Evoke: Wand              |       |       |       |     2 |       ||     2
  Use: Scroll            |     2 |     7 |    12 |     6 |       ||    27
       Potion            |     1 |     1 |     7 |     9 |     1 ||    19
  Eat: Chunk             |       |     5 |    14 |    13 |     1 ||    33
       Ration            |       |       |       |     2 |       ||     2
Armor: Scale mail        |    20 |    75 |    69 |       |       ||   164
       Plate armour      |       |       |    20 |   276 |    12 ||   308
Dodge: Dodged            |    21 |    78 |   113 |   225 |    10 ||   447
Block: Shield            |    32 |   105 |   177 |   429 |    32 ||   775

Table legend:
 A = Non-vault XP
 B = Vault XP
 C = Vault XP percentage of total XP
 D = Non-vault monster count
 E = Vault monster count
 F = Vault count percentage of total count
                 A         B        C        D         E       F
            +---------+---------+-------+---------+---------+-------
      Total |   30809 |   12282 |  28.5 |     297 |     167 |  36.0
            +---------+---------+-------+---------+---------+-------
        D:1 |      34 |       0 |   0.0 |      22 |       0 |   0.0
        D:2 |     139 |      12 |   7.9 |      32 |       4 |  11.1
        D:3 |     259 |     393 |  60.3 |      25 |       5 |  16.7
        D:4 |     357 |      10 |   2.7 |      15 |       4 |  21.1
        D:5 |    1933 |     820 |  29.8 |      22 |      54 |  71.1
        D:6 |     637 |     121 |  16.0 |      14 |       6 |  30.0
        D:7 |    1396 |     401 |  22.3 |      28 |       4 |  12.5
        D:8 |    2402 |    1022 |  29.8 |      19 |       9 |  32.1
        D:9 |     792 |       0 |   0.0 |      18 |       0 |   0.0
      Orc:1 |    9344 |       0 |   0.0 |      63 |       0 |   0.0
      Orc:2 |    5021 |    7792 |  60.8 |      25 |      30 |  54.5
      Elf:1 |    8495 |    1373 |  13.9 |      14 |       3 |  17.6
      Sewer |       0 |     338 | 100.0 |       0 |      48 | 100.0
            +---------+---------+-------+---------+---------+-------
